AoeStats
← TheHuisman

Arabia

510437457Analyzed
1v1 RM · 5h ago on Oct 1, 2026· 50m 24s· 2 players
Game mode
Random Map
Map size
Tiny (2 player)
Population
200
Speed
Normal
Resources
Standard
Victory
Conquest
Starting age
Dark Age
Ending age
Imperial Age
RankedLock teamsTeams togetherTeam positionsShared explorationLock speedFull tech treeHidden civsTurbo modeCheats
Victory
Defeat
🇦🇷 Mongols · Argentina
1142
+15
🇦🇷 Japanese · Argentina
1117
-15
TheHuisman
8:51 Feudal Age
9:06 Loom
9:41 Arson
9:45 Town Watch
9:52 Double-Bit Axe
10:04 Man-at-Arms
22:31 Castle Age
21:39 Fletching
21:51 Scale Mail Armor
22:03 Gold Mining
22:52 Padded Archer Armor
25:02 Forging
28:05 Elite Skirmisher
31:04 Bodkin Arrow
32:11 Bloodlines
35:09 Husbandry
35:17 Scale Barding Armor
39:18 Wheelbarrow
40:32 Leather Archer Armor
40:53 Iron Casting
40:34 Chain Mail Armor
40:23 Town Patrol
42:00 Bow Saw
41:31 Horse Collar
42:28 Gold Shaft Mining
41:45 Stone Mining
42:19 Chain Barding Armor
46:27 Imperial Age
44:41 Hand Cart
45:10 Squires
44:56 Gambesons
46:44 Chain Mail Armor
47:33 Conscription
48:44 Ring Archer Armor
49:03 Pikeman
49:19 Elite Samurai
darthvader
8:30 Feudal Age
6:49 Loom
9:22 Double-Bit Axe
21:33 Castle Age
20:39 Gold Mining
20:32 Horse Collar
21:07 Bloodlines
21:39 Crossbowman
23:51 Fletching
24:03 Padded Archer Armor
25:02 Bodkin Arrow
28:29 Leather Archer Armor
28:35 Light Cavalry
30:08 Husbandry
31:54 Forging
31:50 Scale Barding Armor
33:12 Iron Casting
34:01 Ballistics
35:18 Wheelbarrow
35:06 Chain Barding Armor
40:40 Hand Cart
40:21 Town Watch
43:42 Imperial Age
42:39 Thumb Ring
44:43 Town Patrol
44:10 Heavy Cavalry Archer
45:47 Parthian Tactics
46:30 Chemistry
45:49 Bow Saw
46:16 Gold Shaft Mining
45:45 Heavy Plow
47:12 Hussar
47:58 Bracer
49:05 Blast Furnace
Connection lost

Rejoining the realm…

Still unreachable

The connection could not be restored.

Session expired

The server has moved on; the page needs a fresh start.